 Dungeon Crawl Stone Soup version 0.29.1-15-g9cfb28693d (webtiles) character file.

Game seed: 2220420532945499185

51 Descartes the Ducker (level 3, -4/17 HPs)
             Began as a Felid Monk on Mar 24, 2023.
             Slain by a worm (9 damage)
             ... on level 2 of the Dungeon.
             The game lasted 00:00:46 (895 turns).

Descartes the Ducker (Felid Monk)                    Turns: 895, Time: 00:00:47

Health: -4/17      AC:  1    Str:  9    XL:     3   Next: 57%
Magic:  4/4        EV: 19    Int: 11    God:
Gold:   35         SH:  0    Dex: 18    Spells: 2/2 levels left
                                        Lives:  0   Deaths: 0

rFire   . . .      SeeInvis +     - Unarmed
rCold   . . .      Faith    .   (shield unavailable)
rNeg    . . .      Spirit   .   (body armour unavailable)
rPois   .          Reflect  .   (helmet unavailable)
rElec   .          Harm     .   (cloak unavailable)
rCorr   .          Rampage  .   (gloves unavailable)
Will    .....                   (boots unavailable)
Stlth   +++.......              (no amulet)
HPRegen 0.05/turn               (no ring)
MPRegen 0.09/turn               (no ring)

@: quick
A: very small, claws 1, fangs 3, see invisible, speed 1, shaggy fur 1, stealthy
paws, no weapons or thrown items, no armour, multi-lived
a: no special abilities


You were on level 2 of the Dungeon.
You visited 1 branch of the dungeon, and saw 2 of its levels.

You collected 35 gold pieces.

Inventory:

Scrolls
 b - a scroll of identify {unknown}
Potions
 a - a potion of ambrosia
 c - a potion of heal wounds {unknown}


   Skills:
 + Level 3.4 Fighting
 + Level 4.6 Dodging
 + Level 3.7 Stealth
 + Level 3.4 Unarmed Combat


You had 2 spell levels left.
You didn't know any spells.
Your spell library was empty.

Dungeon Overview and Level Annotations

Branches:
Dungeon (2/15)

Altars:


Innate Abilities, Weirdness & Mutations

You have sharp claws.
You have razor-sharp teeth.
You have supernaturally acute eyesight. (SInv)
You cover ground quickly. (Speed+)
You are covered in fur. (AC +1)
Your paws help you pounce on unaware monsters.
You are incapable of wielding weapons or throwing items.
You cannot wear armour.
You gain extra lives every three experience levels.


Message History

Unknown command.
You barely miss the worm. You bite the worm.
The worm is severely wounded.
The worm completely misses you.
Unknown command.
You scratch the worm but do no damage.
The worm is heavily wounded.
You claw the worm!
You kill the worm!
You see here a worm corpse.
Unknown command.
A worm comes into view.
You scratch the worm but do no damage. You claw the worm, but do no damage.
You scratch the worm.
The worm is lightly wounded.
The worm completely misses you.
You scratch the worm.
The worm is moderately wounded.
You barely miss the worm.
The worm is moderately wounded.
The worm bites you.
You barely miss the worm.
The worm is moderately wounded.
You scratch the worm. You claw the worm!
The worm is almost dead.
The worm bites you!
Ouch! That really hurt!
* * * LOW HITPOINT WARNING * * *
You are too injured to fight recklessly!
You are too injured to fight recklessly!
You are too injured to fight recklessly!
You are too injured to fight recklessly!
You are too injured to fight recklessly!
You are too injured to fight recklessly!
A worm is nearby!
You scratch the worm but do no damage.
The worm is almost dead.
The worm bites you!
Ouch! That really hurt!
You die...

### ##.# ..#
#.#
###.#####...
#.........#
#.#.#####.#
#@#.#...
#w#.#..#
#.#.#..# #
#.#.#..#
.####
#.#.#..##....
..#.#..#...#
###.#..#...#
#.#...<..#
#.##.#...####


You could see a worm.

Vanquished Creatures
  A hound (D:2)
  A worm (D:2)
  A dart slug (D:1)
  5 ball pythons
  A giant cockroach (D:2)
  2 kobolds (D:1)
  A quokka (D:1)
  2 bats
  2 rats
16 creatures vanquished.

Notes
Turn   | Place    | Note
-------+----------+-------------------------------------------
     0 | D:1      | Descartes the Felid Monk began the quest for the Orb.
     0 | D:1      | Reached XP level 1. HP: 10/10 MP: 2/2
    98 | D:1      | Found a faded altar of an unknown god.
   174 | D:1      | Reached XP level 2. HP: 14/14 MP: 3/3
   584 | D:2      | Reached XP level 3. HP: 15/17 MP: 4/4
   895 | D:2      | Slain by a worm

Illustrated notes

Levels and vault maps discovered:
D:1:      lightli_arrival_statue_moat, layout_rooms, basic_ecumenical_altar
D:2:      layout_basic

Skill      XL: |  1 |
---------------+----+-----
Stealth        | 3 |  3.7
Fighting       | |  3.4
Dodging        | |  4.6
Unarmed Combat | |  3.4

Action                   || total
-------------------------++-------
Melee: Unarmed           ||    46
       Punch             ||     3
       Bite              ||     4
 Stab: Sleeping          ||     8
Dodge: Dodged            ||    37
